 Dungeon Crawl Stone Soup version 0.28-a0-872-g80cf8599ee (webtiles) character file.

Game seed: 11854731641268163162

65 mcbry74 the Poker (level 4, 0/35 HPs)
             Began as a Merfolk Gladiator on Nov 20, 2021.
             Succumbed to an adder's poison
             ... on level 4 of the Dungeon.
             The game lasted 00:04:24 (1516 turns).

mcbry74 the Poker (Merfolk Gladiator)               Turns: 1516, Time: 00:04:24

Health: 0/35       AC:  4    Str: 14    XL:     4   Next: 14%
Magic:  4/4        EV: 16    Int:  7    God:
Gold:   72         SH:  0    Dex: 16    Spells: 3/3 levels left

rFire   . . .      SeeInvis .   a - +0 trident
rCold   . . .      Faith    .   (no shield)
rNeg    . . .      Spirit   .   b - +0 leather armour
rPois   .          Reflect  .   c - +0 helmet
rElec   .          Harm     .   (no cloak)
rCorr   .          Rampage  .   (no gloves)
Will    .....                   (boots currently unavailable)
Stlth   ++........              (no amulet)
HPRegen 0.11/turn               (no ring)
MPRegen 0.09/turn               (no ring)

@: lethally poisoned (0 -> -7), very quick
A: nimble swimmer 2, mertail
a: no special abilities


You were on level 4 of the Dungeon.
You visited 1 branch of the dungeon, and saw 3 of its levels.

You collected 72 gold pieces.

Inventory:

Hand Weapons
 a - a +0 trident (weapon)
Missiles
 d - 3 throwing nets
 e - 2 poisoned darts (quivered)
 j - 50 stones
Armour
 b - a +0 leather armour (worn)
 c - a +0 helmet (worn)
Scrolls
 f - a scroll of immolation {unknown}
 h - a scroll of identify {unknown}
 i - 2 scrolls of teleportation {unknown}
Potions
 g - a potion of magic {unknown}


   Skills:
 + Level 3.2 Fighting
 * Level 6.3 Polearms
 - Level 2.0 Throwing
 - Level 4.0 Dodging


You had 3 spell levels left.
You didn't know any spells.
Your spell library was empty.

Dungeon Overview and Level Annotations

Branches:
Dungeon (2/15)

Altars:


Innate Abilities, Weirdness & Mutations

You are quick and stealthy near water. (Stealth+, EV+, Speed+++)
Your lower body shifts to a powerful aquatic tail in water.


Message History

You reach to attack!
You closely miss the phantom. You hit the phantom.
Your tail-slap misses the phantom.
The phantom is lightly damaged.
The phantom hits you.
The phantom blinks!
You blink.
Floosh!
An adder comes into view.
Found a scroll labelled POOSOHANOM.
You barely miss the phantom.
The phantom is lightly damaged.
The phantom barely misses you.
You barely miss the phantom.
The phantom is lightly damaged.
The adder hisses angrily.
The phantom closely misses you.
You puncture the phantom!
Your tail-slap misses the phantom.
The phantom is moderately damaged.
The phantom hits you.
The phantom blinks!
You blink.
A hound skeleton comes into view.
Found an escape hatch in the ceiling.
The hound skeleton moves out of view.
You closely miss the phantom.
The phantom is moderately damaged.
The phantom hits you! The adder bites you.
You are poisoned.
The adder poisons you!
You are too injured to fight recklessly!
You are too injured to fight recklessly!
Your legs become a tail as you enter the water.
You feel sick. The adder bites you.
You feel sick.
You miss the adder.
You feel sick. The adder misses you. The adder closely misses you.
The phantom misses you.
You miss the adder.
Your tail-slap misses the adder.
You feel sick. The adder bites you.
* * * LOW HITPOINT WARNING * * *
You are more poisoned.
The adder poisons you! The phantom hits you!
* * * LOW HITPOINT WARNING * * *
You hit the adder.
The adder is moderately wounded.
You die...

..#
##..#...#≈≈#...# J.
...#.⌠.#≈≈#.⌠.# .
#.#.#...#≈≈#...#
..#..###≈≈≈≈###..
..##....≈≈≈≈≈≈.....
... #....≈≈≈≈≈≈...
. ...
#..###≈≈≈≈###...
#.#. .#≈≈#.? ).
#.⌠.#≈@#.⌠.# .
#...#SW#...#
##≈.Z≈# .
...............
#<.#######.##.# #
##


You could see a phantom, an adder and a hound skeleton.

Vanquished Creatures
  Terence (D:2)
  A dart slug (D:2)
  An orc (D:4)
  2 endoplasms (D:4)
  4 goblins (D:1)
  4 hobgoblins (D:1)
  2 jackals (D:1)
  3 quokkas
  4 ball pythons
  5 bats (D:1)
  2 frilled lizards (D:1)
  2 kobolds (D:1)
  6 rats (D:1)
37 creatures vanquished.

Vanquished Creatures (others)
  A plant (D:4)
1 creature vanquished.

Grand Total: 38 creatures vanquished

Notes
Turn   | Place    | Note
-------+----------+-------------------------------------------
     0 | D:1      | mcbry74 the Merfolk Gladiator began the quest for the Orb.
     0 | D:1      | Reached XP level 1. HP: 16/16 MP: 1/1
    81 | D:1      | Reached skill level 5 in Polearms
    81 | D:1      | Reached XP level 2. HP: 14/23 MP: 2/2
   793 | D:1      | Reached XP level 3. HP: 28/28 MP: 3/3
  1156 | D:2      | Noticed Terence
  1175 | D:2      | Killed Terence
  1176 | D:2      | Reached skill level 6 in Polearms
  1182 | D:2      | You fall into a shaft and drop 2 floors!
  1189 | D:4      | Reached XP level 4. HP: 15/35 MP: 4/4
  1497 | D:4      | Noticed a phantom
  1515 | D:4      | HP: 1/35 [phantom (7)]
  1516 | D:4      | Succumbed to an adder's poison

Illustrated notes

Levels and vault maps discovered:
D:1:      tarquinn_simple_flora_water_e, layout_basic, minmay_misc_feat_rows,
          minivault_5
D:2:      layout_basic, basic_altar, lemuel_another_geyser, uniq_jessica,
          uniq_crazy_yiuf_cottage, uniq_terence
D:4:      corexii_shantytown, layout_layer_cave,
          mainiacjoe_overflow_divided_tiny, fountainhead, minmay_fountain_box,
          uniq_sigmund

Skill      XL: |  1  2  3 |
---------------+----------+-----
Polearms       | 5 6 |  6.3
Fighting       | 3 |  3.2
Throwing       | |  2.0
Dodging        | |  4.0

Action                   |  1- 3 |  4- 6 || total
-------------------------+-------+-------++-------
Melee: Trident           |    93 |    25 ||   118
Throw: Dart              |    16 |       ||    16
 Stab: Sleeping          |     3 |       ||     3
Armor: Leather armour    |    25 |     1 ||    26
Dodge: Dodged            |    36 |     9 ||    45

Table legend: (Time is in decaauts)
 A = Elapsed time spent in this place.
 B = Non-inter-level travel time spent in this place.
 C = Inter-level travel time spent in this place.
 D = Time resting spent in this place.
 E = Time spent auto-exploring this place.
 F = Levels seen in this place.
 G = Mean time per level.
                   A        B        C        D        E       F      G
               +--------+--------+--------+--------+--------+-----+--------+
         Total |   1515 |   1497 |     18 |    336 |    849 |   3 |  505.0 |
       Dungeon |   1515 |   1497 |     18 |    336 |    849 |   3 |  505.0 |
               +--------+--------+--------+--------+--------+-----+--------+

Top non-repeatable levels by time:
     D:1: 1125 daAuts
     D:4: 331 daAuts
     D:2: 58 daAuts
